 Dungeon Crawl Stone Soup version 0.21.0-3-g78d12a8 (webtiles) character file.

18 tidbits the Chopper (level 2, -4/19 HPs)
             Began as an Octopode Wanderer on Jan 9, 2018.
             Was an Initiate of Cheibriados.
             Slain by a gnoll
             ... wielding a +0 whip of electrocution
              (18 damage)
             ... on level 1 of the Dungeon.
             The game lasted 00:02:50 (180 turns).

tidbits the Chopper (Octopode Wanderer)              Turns: 180, Time: 00:02:50

Health: -4/19      AC:  1    Str: 11    XL:     2   Next: 70%
Magic:  2/2        EV: 13    Int: 18    God:    Cheibriados [......]
Gold:   6          SH:  0    Dex: 10    Spells: 1/1 levels left

rFire    . . .     SeeInvis .   a - +2 hand axe
rCold    . . .     Gourm    +   (no shield)
rNeg     . . .     Faith    .   (helmet restricted)
rPois    .         Spirit   .   e - amulet of the gourmand
rElec    .         Reflect  .   (no ring)
rCorr    .         Harm     .   (no ring)
MR       .....                  (no ring)
Stlth    +++.......             (no ring)
HPRegen  0.06/turn              (no ring)
MPRegen  0.08/turn              (no ring)
                                (no ring)
                                (no ring)

@: very slow
A: almost no armour, stealthy swim, amphibious, 8 rings, constrict 8, camouflage
1, gelatinous body 1
a: Bend Time, Renounce Religion


You were on level 1 of the Dungeon.
You worshipped Cheibriados.
Cheibriados was noncommittal.
You were not hungry.

You visited 1 branch of the dungeon, and saw 1 of its levels.

You collected 6 gold pieces.

Inventory:

Hand Weapons
 a - a +2 hand axe (weapon)
 b - a +0 shortbow
 h - a +0 dagger
Missiles
 c - 20 arrows
Jewellery
 e - an amulet of the gourmand (around mantle)
   (You found it on level 1 of the Dungeon)
Potions
 d - a potion of lignification
Comestibles
 f - 2 rations


   Skills:
 - Level 2.0 Fighting
 - Level 5.0 Axes
   Level 1.0 Crossbows
 + Level 1.4 Dodging
 + Level 2.2 Stealth
   Level 2.0 Shields


You had one spell level left.
You didn't know any spells.

Dungeon Overview and Level Annotations

Branches:
Dungeon (1/15)

Altars:
Cheibriados


Innate Abilities, Weirdness & Mutations

You cannot wear most types of armour.
You are very stealthy in the water. (Stealth+)
You are amphibious.
You can wear up to eight rings at the same time.
You can use your tentacles to constrict eight enemies at once.
Your skin changes colour to match your surroundings (Stealth+).
Your rubbery body absorbs attacks. (AC +1, EV +1)


Message History

You see here a ration.
f - 2 rations (gained 1)
There is a snail-covered altar of Cheibriados here.
You see here an arrow.
c - 20 arrows (gained 1)
You see here an arrow.
c - 21 arrows (gained 1)
Things that are here:
an arrow; a club
c - 22 arrows (gained 1) Autopickup is now on.
Wield which item (- for none, * to show all)? (? for menu, Esc to quit)
b - a +0 shortbow (weapon)
c - 23 arrows (gained 1)
Found 17 stones.
A frilled lizard comes into view.
Firing (i - inventory):
c - 23 arrows (quivered)
Press: ? - help, Shift-Dir - straight line, f - frilled lizard
Aim: a frilled lizard (resting)
You shoot an arrow. The arrow hits the frilled lizard!
You kill the frilled lizard!
Cheibriados appreciates the change of pace.
A bat comes into view.
Firing (i - inventory):
c - 22 arrows (quivered)
Press: ? - help, Shift-Dir - straight line, f - bat
Aim: a bat (resting)
You shoot an arrow. The arrow hits the bat!
You kill the bat!
Cheibriados thoroughly appreciates the change of pace.
c - 22 arrows (gained 1)
You see here a bat corpse.
You butcher the bat corpse.
g - 3 chunks of flesh (gained 1) Eat one of 3 chunks of flesh? (ye/n/q)
You eat one of the 3 chunks of flesh.
This raw flesh is not very appetising.
That was not very filling.
Eat one of 2 chunks of flesh? (ye/n/q)
You eat one of the 2 chunks of flesh.
This raw flesh is not very appetising.
That was not very filling.
Eat a chunk of flesh? (ye/n/q)
You eat the chunk of flesh.
This raw flesh is not very appetising.
That was not very filling.
c - 23 arrows (gained 1)
You see here a frilled lizard corpse.
You now have 6 gold pieces.
Found a scroll labeled RYTAISOI CAENG.
A kobold comes into view. It is wielding a dagger.
Found 2 fizzy coppery potions.
Firing (i - inventory):
c - 23 arrows (quivered)
Press: ? - help, Shift-Dir - straight line, f - kobold
Aim: a kobold, wielding a dagger (resting)
You shoot an arrow.
The arrow hits the kobold but does no damage.
The kobold shouts!
Firing (i - inventory):
c - 22 arrows (quivered)
Press: ? - help, Shift-Dir - straight line, f/p - kobold
Aim: a kobold, wielding a dagger You shoot an arrow.
The arrow barely misses the kobold.
An ooze and a kobold come into view.
a - a +2 hand axe (weapon)
You hit the kobold. You grab the kobold.
The kobold is severely wounded.
You constrict the kobold.
You kill the kobold!
Cheibriados appreciates the change of pace.
Your Stealth skill increases to level 2!
Things that are here:
a dagger; a kobold corpse
b - a +0 shortbow (weapon)
The ooze hits you.
a - a +2 hand axe (weapon)
The ooze hits you.
You slash the ooze! You squeeze the ooze.
You kill the ooze!
Cheibriados appreciates the change of pace.
b - a +0 shortbow (weapon)
A gnoll comes into view. It is wielding a whip of electrocution.
The gnoll shouts!
Okay, then.
Unknown command.
You aren't carrying any spellbooks or scrolls.
Unknown command.
Firing (i - inventory):
c - 21 arrows (quivered)
Press: ? - help, Shift-Dir - straight line, f - gnoll
Aim: a gnoll, wielding a whip of electrocution You shoot an arrow.
The arrow hits the gnoll.
The gnoll is lightly wounded.
You don't have enough magic capacity.
Wield which item (- for none, * to show all)? (? for menu, Esc to quit)
a - a +2 hand axe (weapon)
You completely miss the gnoll. Your grab misses the gnoll.
The gnoll is lightly wounded.
The gnoll hits you with a whip of electrocution.
You hit the gnoll. You grab the gnoll.
The gnoll is heavily wounded.
You constrict the gnoll.
The gnoll hits you with a whip of electrocution.
You are electrocuted!
Ouch! That really hurt!
You die...

#.#.......#.#.###..## #.#
.### ..........#.#.#
#...####..# ..
#.#.###.#.#.#.###........##
..#
#.#.###.................#
#...........#.####.####.#
#.#.....#####.# #.#
#.#####.#####.####.# #.#
#..........).# #..
###.#.@..# ... #.#g##.# #.
#.!(.(........
..(...#...##### ....?...###
..... ..# ......... ....
.... .......##


You could see a gnoll.

Vanquished Creatures
  An ooze (D:1)
  A bat (D:1)
  2 giant cockroaches (D:1)
  A hobgoblin (D:1)
  4 jackals (D:1)
  A frilled lizard (D:1)
  2 kobolds (D:1)
12 creatures vanquished.

Notes
Turn   | Place    | Note
-------+----------+-------------------------------------------
     0 | D:1      | tidbits the Octopode Wanderer began the quest for the Orb.
     0 | D:1      | tidbits set off with: a +2 hand axe, a +0 shortbow, 25 arrows, a potion of lignification, a ration
     0 | D:1      | Reached XP level 1. HP: 14/14 MP: 1/1
    28 | D:1      | Reached skill level 1 in Stealth
    50 | D:1      | Reached skill level 1 in Dodging
    50 | D:1      | Reached XP level 2. HP: 12/19 MP: 2/2
    85 | D:1      | Became a worshipper of Cheibriados the Contemplative
   168 | D:1      | Reached skill level 2 in Stealth
   180 | D:1      | Slain by a gnoll

Skill      XL: |  1  2 |
---------------+-------+-----
Stealth        | 1 2 |  2.2
Dodging        | 1 |  1.4
Fighting       | |  2.0
Axes           | |  5.0
Crossbows      | |  1.0
Shields        | |  2.0

Action                   || total
-------------------------++-------
Melee: Hand axe          ||    18
       Constrict         ||     5
       Tentacles         ||     1
 Fire: Shortbow          ||    14
  Eat: Chunk             ||     5
Dodge: Dodged            ||    14

Table legend:
 A = Turns spent in this place as a percentage of turns spent in the entire game.
 B = Non-inter-level travel turns spent in this place as a percentage of non-inter-level travel turns spent in the entire game.
 C = Inter-level travel turns spent in this place as a percentage of turns spent in this place.
 D = Turns resting spent in this place as a percentage of non-inter-level travel turns spent in this place.
 E = Turns spent auto-exploring this place as a percentage of non-inter-level travel turns spent in this place.
 F = Non-inter-level travel turns spent in this place divided by the number of levels of this place that you've seen.
                   A       B       C       D       E      F
               +-------+-------+-------+-------+-------+----------------------
         Total | 100.0 | 100.0 |   0.0 |   0.0 |   0.0 | 180.0
       Dungeon | 100.0 | 100.0 |   0.0 |   0.0 |   0.0 | 180.0
               +-------+-------+-------+-------+-------+----------------------

Table legend:
 A = Kills in this place as a percentage of kills in entire the game.
 B = Kills by you in this place as a percentage of kills by you in the entire game.
 C = Kills by friends in this place as a percentage of kills by friends in the entire game.
 D = Other kills in this place as a percentage of other kills in the entire game.
 E = Experience gained in this place as a percentage of experience gained in the entire game.
 F = Experience gained in this place divided by the number of levels of this place that you have seen.
                   A       B       C       D       E      F
               +-------+-------+-------+-------+-------+----------------------
         Total | 100.0 | 100.0 |   N/A |   N/A | 100.0 |  27.0
       Dungeon | 100.0 | 100.0 |   N/A |   N/A | 100.0 |  27.0
               +-------+-------+-------+-------+-------+----------------------

Vault maps used:
D:1:      dpeg_arrival_pits, cheibriados_altar_1
